AoeStats
← Robin5hood

Baltic

510587332Analyzed
3v3 RM · 1d ago on Oct 1, 2026· 105m 25s· 6 players
Game mode
Random Map
Map size
Normal (6 player)
Population
200
Speed
Normal
Resources
Standard
Victory
Conquest
Starting age
Dark Age
Ending age
Imperial Age
RankedLock teamsTeams togetherTeam positionsShared explorationLock speedFull tech treeHidden civsTurbo modeCheats
Victory
Defeat
🇳🇴 Burgundians · Norway
1228
+16
🇳🇴 Vikings · Norway
1226
+16
🇳🇴 Slavs · Norway
1196
+17
🇵🇱 Danes · Poland
1419
-25
🇵🇱 Koreans · Poland
1150
-13
🇳🇱 Britons · Netherlands
1094
-11
haksve
7:29 Loom
11:20 Feudal Age
11:50 Double-Bit Axe
16:31 Forging
20:29 Castle Age
18:33 Horse Collar
23:22 Bow Saw
24:03 Man-at-Arms
25:27 Long Swordsman
26:20 Scale Mail Armor
26:41 Heavy Plow
27:34 Pikeman
29:01 Wheelbarrow
28:12 Town Watch
33:14 Chain Mail Armor
34:19 Hand Cart
38:52 Imperial Age
37:51 Detinets
38:00 Town Patrol
38:20 Stone Mining
38:20 Gold Mining
40:04 Iron Casting
39:21 Fletching
39:12 Two-Handed Swordsman
39:51 Halberdier
40:32 Squires
41:05 Champion
42:19 Plate Mail Armor
42:50 Blast Furnace
51:45 Bodkin Arrow
51:51 Padded Archer Armor
53:18 Scale Barding Armor
59:38 Chain Barding Armor
59:52 Bloodlines
59:43 Husbandry
59:04 Light Cavalry
59:16 Cavalier
61:03 Plate Barding Armor
61:36 Hussar
78:26 Druzhina
79:16 Conscription
103:54 Caravan
ClickClackk
4:25 Double-Bit Axe
8:59 Loom
12:08 Feudal Age
11:13 Horse Collar
11:27 Gold Mining
18:17 Castle Age
17:25 Bow Saw
19:15 Medium Warships
22:28 Wheelbarrow
21:38 Town Watch
22:13 Man-at-Arms
22:55 Squires
23:02 Scale Mail Armor
23:12 Forging
22:56 Long Swordsman
24:24 Chain Mail Armor
25:16 Fishing Lines
30:01 Hand Cart
39:00 Imperial Age
37:26 Iron Casting
40:11 Two-Man Saw
41:05 Chemistry
39:33 Two-Handed Swordsman
42:39 Plate Mail Armor
43:41 Fletching
46:49 Caravan
47:01 Champion
51:12 Blast Furnace
54:40 Burgundian Vineyards
54:55 Conscription
55:47 Scale Barding Armor
55:38 Bodkin Arrow
55:57 Masonry
56:48 Heavy Plow
57:25 Gold Shaft Mining
57:00 Light Cavalry
57:41 Husbandry
58:47 Hussar
59:56 Elite Skirmisher
60:38 Padded Archer Armor
62:32 Chain Barding Armor
62:13 Bracer
65:08 Ballistics
64:47 Murder Holes
65:23 Architecture
68:54 Plate Barding Armor
70:11 Heavy Warships
70:04 Siphons
70:12 Careening
70:13 Clinker Construction
70:48 Leather Archer Armor
71:34 Guilds
75:26 Elite Cannon Galleon
77:07 Carvel Hull
87:33 Arrowslits
88:00 Incendiaries
90:23 Coinage
91:30 Cavalier
92:39 Paladin
95:06 Banking
99:42 Guard Tower
100:03 Fortified Wall
99:43 Treadmill Crane
101:51 Keep
101:09 Capped Ram
einar
9:54 Loom
11:40 Feudal Age
13:08 Double-Bit Axe
13:27 Horse Collar
19:39 Castle Age
17:35 Gold Mining
19:46 Fletching
19:57 Scale Mail Armor
20:02 Scale Barding Armor
20:08 Forging
19:59 Padded Archer Armor
21:37 Squires
21:22 Arson
21:37 Bodkin Arrow
22:10 Crossbowman
24:28 Bow Saw
24:52 Leather Archer Armor
26:38 Ballistics
29:42 Masonry
29:46 Stone Mining
30:04 Fishing Lines
38:38 Heavy Plow
40:03 Chieftains
41:12 Clinker Construction
40:25 Man-at-Arms
41:43 Iron Casting
41:24 Chain Mail Armor
43:48 Imperial Age
41:25 Town Watch
41:21 Elite Skirmisher
42:34 Gillnets
44:00 Chieftains
43:55 Arbalester
45:05 Conscription
44:46 Bogsveigar
45:52 Chemistry
45:24 Architecture
44:34 Treadmill Crane
45:00 Siege Engineers
44:51 Murder Holes
44:59 Bracer
45:31 Ring Archer Armor
46:39 Bogsveigar
47:38 Siege Engineers
47:02 Light Cavalry
47:24 Elite Berserk
51:45 Blast Furnace
51:16 Plate Mail Armor
51:06 Chain Barding Armor
56:25 Hoardings
58:42 Fortified Wall
59:51 Onager
61:54 Caravan
63:05 Medium Warships
66:30 Heavy Scorpion
72:38 Carvel Hull
94:46 Two-Man Saw
101:56 Elite Longship
jendrooh
11:17 Feudal Age
13:45 Loom
16:34 Castle Age
20:00 Double-Bit Axe
21:17 Bow Saw
21:32 Horse Collar
28:37 Fletching
30:18 Padded Archer Armor
31:00 Heavy Plow
31:39 Wheelbarrow
31:00 Crossbowman
31:03 Elite Skirmisher
31:45 Bodkin Arrow
33:05 Leather Archer Armor
34:11 Ballistics
38:19 Imperial Age
37:23 Yeomen
37:46 Forging
37:42 Scale Barding Armor
39:00 Hand Cart
38:32 Town Watch
39:25 Conscription
38:27 Elite Longbowman
40:24 Town Patrol
39:51 Arbalester
42:50 Bracer
43:21 Ring Archer Armor
42:53 Scale Mail Armor
44:23 Chemistry
45:29 Chain Barding Armor
45:44 Iron Casting
70:04 Caravan
75:59 Plate Barding Armor
82:09 Husbandry
86:13 Two-Man Saw
85:00 Light Cavalry
Anubis
3:03 Loom
14:00 Feudal Age
14:49 Gold Mining
14:46 Double-Bit Axe
22:03 Castle Age
22:04 Town Watch
23:00 Bow Saw
23:28 Gold Shaft Mining
25:25 Ballistics
25:12 Murder Holes
25:21 Fletching
27:19 Town Patrol
30:40 Wheelbarrow
30:38 Bodkin Arrow
34:39 Imperial Age
33:08 Man-at-Arms
34:17 Scale Mail Armor
34:09 Long Swordsman
34:57 Two-Handed Swordsman
36:06 Forging
37:34 Squires
39:23 Champion
40:53 Conscription
42:43 Arson
43:39 Iron Casting
43:20 Chain Mail Armor
44:03 Elite Fire Lancer
48:01 Plate Mail Armor
48:10 Elite War Wagon
50:23 Bracer
55:27 Hand Cart
59:11 Horse Collar
61:48 Chemistry
60:36 Arrowslits
60:58 Siege Engineers
68:56 Scale Barding Armor
71:40 Cavalier
72:22 Husbandry
71:50 Light Cavalry
75:24 Chain Barding Armor
79:31 Heavy Rocket Cart
79:36 Elite Skirmisher
80:25 Thumb Ring
94:01 Hussar
Robin5hood
7:59 Loom
10:33 Feudal Age
12:53 Double-Bit Axe
15:36 Castle Age
14:52 Scale Mail Armor
16:22 Arson
16:40 Squires
19:14 Forging
22:26 Chain Mail Armor
27:12 Wheelbarrow
29:53 Iron Casting
31:42 Town Watch
41:20 Bow Saw
46:35 Imperial Age
46:47 Onager
48:32 Conscription
58:34 Fishing Lines
61:05 Hoardings
61:02 Plate Mail Armor
61:08 Iron Casting
60:51 Hand Cart
60:24 Horse Collar
60:59 Town Patrol
60:58 Fishing Lines
61:35 Heavy Plow
62:26 Gold Mining
62:31 Stone Mining
62:46 Elite Jomsviking
65:02 Blast Furnace
64:11 Gillnets
65:37 Chemistry
65:30 Caravan
65:53 Fletching
66:24 Ballistics
71:26 Masonry
71:22 Siege Engineers
72:32 Northmen's Fury
73:29 Clinker Construction
74:03 Medium Warships
74:04 Bodkin Arrow
74:03 Hamask
75:51 Heavy Warships
76:34 Padded Archer Armor
76:40 Scale Barding Armor
77:01 Carvel Hull
76:52 Careening
77:27 Elite Skirmisher
78:15 Thumb Ring
79:15 Bracer
87:26 Dry Dock
87:03 Pikeman
87:29 Gambesons
87:11 Elite Varangian Guard
88:00 Halberdier
90:57 Stone Shaft Mining
90:58 Gold Shaft Mining
102:04 Bracer
Connection lost

Rejoining the realm…

Still unreachable

The connection could not be restored.

Session expired

The server has moved on; the page needs a fresh start.